cohdb
Replays
Latest Replays
All Replays
Popular Replays
Top Player Replays
Match Explorer
How It Works
Community
CoH3 Stats
Reddit
Sign in to upload your games and track your stats! →
Sign in with Steam
Match 42356723
Unlisted
Match 42356723
Overview
Messages
Build Orders
End
Construct Infanterie Kompanie
MG 42 Machine Gun Team
Grenadier Squad
Grenadier Squad
GrW 34 Mortar Team
Construct Panzergrenadier Kompanie
Infanterie Officer Quarters
Pak 40 Anti-tank Gun Team
251 Medium Carrier
MG 42 Bunker
Pak 40 Anti-tank Gun Team
Support Elements
Medical Bunker
StuG III G Assault Gun
StuG III G Assault Gun
Side Skirts
Panzergrenadier Squad
Nebelwerfer 42 Rocket Launcher Team
Panzergrenadier Officer Quarters
Panzergrenadier Squad
billthebluebot
Taiga
Nicb1
dan legend
WaterBoy
Eicerss
0
0
Comments
sign in to comment!
No comments posted yet!